Map: Romanticide LE

Players

ShoWTimE - Winner!

  • Race: Protoss Protoss
  • League: Master
  • Spawn Location: 5:00

MaxPax

  • Race: Protoss Protoss
  • League: Grandmaster
  • Spawn Location: 11:00

Event: DreamHack SC2 Masters 2020 Winter

VOD

Have the link to the VOD?

Description

Time

  • Played on: Oct. 27, 2020, 2:30 p.m.
  • Length: 6:04

All games in this series

Show
View Real Time Build Order
Export as new Build Order

ShoWTimE Protoss - Winner!

Build Orders:  

Get SALT Encoding   

  12  0:00  Probe  
  13  0:12  Probe  
  14  0:17  Pylon  
  14  0:24  Probe (Chrono Boost)  
  15  0:36  Probe (Chrono Boost)  
  15  0:37  Gateway  
  16  0:45  Probe (Chrono Boost)  
  16  0:47  Assimilator  
  17  0:50  Probe  
  18  1:03  Probe  
  19  1:06  Forge  
  19  1:15  Pylon  
  19  1:26  Zealot (Chrono Boost)  
  21  1:40  Photon Cannon  
  19  1:55  Photon Cannon  
  19  2:00  Photon Cannon  
  19  2:05  Cybernetics Core  
  19  2:07  Probe  
  20  2:18  Pylon  
  20  2:25  Pylon  
  20  2:37  Gateway  
  20  2:39  Probe  
  20  2:43  Warp Gate  
  21  2:49  Assimilator  
  21  2:53  Probe  
  22  3:01  Pylon  
  23  3:05  Probe  
  23  3:19  Shield Battery  
  23  3:21  Stalker (Chrono Boost)  
  25  3:28  Probe  
  25  3:33  Gateway  
  26  3:44  Gateway  
  26  3:52  Stalker (Chrono Boost)  
  28  4:03  Pylon  
  28  4:08  Pylon  
  25  4:23  Probe  
  24  4:32  Stalker  
  24  4:37  Stalker  
  28  4:43  Stalker  
  30  4:52  Shield Battery  
  30  5:01  Stalker  
  32  5:08  Stalker  
  34  5:19  Stalker  
  36  5:26  Pylon  
  36  5:31  Stalker  
  38  5:40  Stalker  
  40  5:50  Stalker  
  40  6:00  Stalker  
Show
View Real Time Build Order
Export as new Build Order

MaxPax Protoss 

Build Orders: Cannon Rush 

Get SALT Encoding   

  12  0:00  Probe  
  13  0:12  Probe  
  14  0:17  Pylon  
  14  0:24  Probe  
  15  0:35  Forge  
  15  0:52  Pylon  
  15  0:56  Pylon  
  16  1:06  Pylon  
  16  1:07  Pylon  
  15  1:12  Photon Cannon  
  15  1:24  Photon Cannon  
  15  1:26  Pylon  
  14  1:42  Probe  
  14  1:45  Photon Cannon  
  15  1:48  Gateway  
  15  1:54  Probe  
  16  2:06  Probe  
  17  2:22  Probe (Chrono Boost)  
  18  2:27  Assimilator  
  18  2:29  Assimilator  
  18  2:33  Probe (Chrono Boost)  
  19  2:38  Cybernetics Core, Probe (Chrono Boost)  
  20  2:48  Probe  
  21  3:00  Probe  
  22  3:11  Adept (Chrono Boost)  
  22  3:13  Probe  
  25  3:25  Probe  
  26  3:29  Stargate  
  26  3:32  Adept (Chrono Boost)  
  25  3:37  Probe  
  28  3:51  Shield Battery x2  
  29  3:57  Stalker  
  29  4:01  Pylon  
  30  4:04  Void Ray (Chrono Boost)  
  34  4:34  Shield Battery  
  34  4:36  Shield Battery  
  34  4:40  Pylon  
  34  4:52  Void Ray (Chrono Boost)  
  33  4:56  Shield Battery  
  35  5:01  Pylon  
  35  5:07  Pylon  
  35  5:23  Shield Battery  
  35  5:26  Void Ray (Chrono Boost)  
  38  5:38  Shield Battery  
Tags
 
Add a new tag
Caveats
  • Supply blocks, unpowered buildings, or Contaminate may cause inaccurate times.
  • Supply counts are checked every 10 seconds.